 Dungeon Crawl Stone Soup version 0.24-a0-201-gf205589 (webtiles) character file.

Game seed: 11060673773297530100

35 technobutter the Chucker (level 3, 0/29 HPs)
             Began as a Centaur Hunter on Mar 25, 2019.
             Slain by a bat (1 damage)
             ... on level 2 of the Dungeon.
             The game lasted 00:05:29 (1195 turns).

technobutter the Chucker (Centaur Hunter)           Turns: 1195, Time: 00:05:29

Health: 0/29       AC:  4    Str: 14    XL:     3   Next: 16%
Magic:  3/3        EV:  9    Int: 10    God:
Gold:   36         SH:  0    Dex: 10    Spells: 2/2 levels left

rFire    . . .     SeeInvis .   a - +0 short sword
rCold    . . .     Gourm    .   (no shield)
rNeg     . . .     Faith    .   b - +0 leather armour
rPois    .         Spirit   .   (no helmet)
rElec    .         Reflect  .   (no cloak)
rCorr    .         Harm     .   (no gloves)
MR       .....                  (no barding)
Stlth    +.........             (no amulet)
HPRegen  0.09/turn              (no ring)
MPRegen  0.08/turn              (no ring)

@: very quick
A: large, hooves 3, deformed body, speed 2, tough skin 3
a: no special abilities


You were on level 2 of the Dungeon.
You were not hungry.

You visited 1 branch of the dungeon, and saw 2 of its levels.

You collected 36 gold pieces.

Inventory:

Hand Weapons
 a - a +0 short sword (weapon)
Armour
 b - a +0 leather armour (worn)
Scrolls
 g - a scroll of enchant armour {unknown}
 h - 2 scrolls of identify
 i - a scroll of teleportation {unknown}
Potions
 e - a potion of heal wounds {unknown}
Comestibles
 f - a ration


   Skills:
 + Level 2.2 Fighting
 + Level 5.3 Throwing
 + Level 0.1 Armour
 + Level 1.3 Dodging
 + Level 0.7 Stealth


You had 2 spell levels left.
You didn't know any spells.
Your spell library was empty.

Dungeon Overview and Level Annotations

Branches:
Dungeon (2/15)

Altars:


Innate Abilities, Weirdness & Mutations

You have hooves in place of feet.
Armour fits poorly on your strangely shaped body.
You cover ground very quickly.
You have extremely tough skin. (AC +3)


Message History

A bat comes into view.
The dart slug bites you.
* * * LOW HITPOINT WARNING * * *
You hit the dart slug.
The dart slug is almost dead.
The dart slug launches a dart at you.
The slug dart hits you but does no damage.
You hit the dart slug.
You kill the dart slug!
The bat hits you.
* * * LOW HITPOINT WARNING * * *
The bat hits you but does no damage. The bat hits you but does no damage.
The bat hits you.
* * * LOW HITPOINT WARNING * * *
The bat hits you but does no damage.
Things that are here:
a +0 club; a +0 shortbow The bat hits you.
You die...

#### #...## ####
##.....## ##..#
#.......# ##...#
#.......# ##.)(#
#<......#
###.)#.#####......##
##...@b............#
#...........###........#
..###......## #........#
.......## #........#
#......(# #.#.....##
.........# #.##...##
..........# #.. ...#
.......#... #.. ...#
.(..###


You could see a bat.

Vanquished Creatures
  An adder (D:2)
  A dart slug (D:2)
  4 giant cockroaches
  2 goblins
  4 hobgoblins
  3 bats
  2 frilled lizards (D:1)
  7 kobolds
24 creatures vanquished.

Notes
Turn   | Place    | Note
-------+----------+-------------------------------------------
     0 | D:1      | technobutter the Centaur Hunter began the quest for the
                  | Orb.
     0 | D:1      | Reached XP level 1. HP: 17/17 MP: 1/1
   333 | D:1      | Reached XP level 2. HP: 24/24 MP: 2/2
   916 | D:1      | Reached skill level 5 in Throwing
  1175 | D:2      | Reached XP level 3. HP: 14/29 MP: 3/3
  1190 | D:2      | HP: 1/29 [bat (1)]
  1195 | D:2      | Slain by a bat

Levels and vault maps discovered:
D:1:      shiori_arrival_maze, layout_basic, minmay_tromino_i2
D:2:      layout_rooms, nicolae_gozag_cash_rules_everything_around_me,
          uniq_terence

Skill      XL: |  1  2 |
---------------+-------+-----
Throwing       | 5 |  5.3
Fighting       | |  2.2
Armour         | |  0.1
Dodging        | |  1.3
Stealth        | |  0.7

Action                   || total
-------------------------++-------
Melee: Short sword       ||    23
       Kick              ||     5
Throw: Javelin           ||    44
       Throwing net      ||     2
  Use: Scroll            ||     1
Armor: Leather armour    ||    17
Dodge: Dodged            ||    13

Table legend:
 A = Non-vault XP
 B = Vault XP
 C = Vault XP percentage of total XP
 D = Non-vault monster count
 E = Vault monster count
 F = Vault count percentage of total count
                 A         B        C        D         E       F
            +---------+---------+-------+---------+---------+-------
      Total |      45 |       5 |  10.0 |      21 |       3 |  12.5
            +---------+---------+-------+---------+---------+-------
        D:1 |      20 |       5 |  20.0 |      14 |       3 |  17.6
        D:2 |      25 |       0 |   0.0 |       7 |       0 |   0.0
            +---------+---------+-------+---------+---------+-------
